 Dungeon Crawl Stone Soup version 0.21.0-3-g78d12a8 (webtiles) character file.

4560 Gigax the Martial Artist (level 10, -2/63 HPs)
             Began as an Octopode Monk on Jan 15, 2018.
             Was a Believer of Cheibriados.
             Slain by an unseen horror (12 damage)
             ... on level 8 of the Dungeon.
             The game lasted 00:15:05 (8362 turns).

Gigax the Martial Artist (Octopode Monk)            Turns: 8362, Time: 00:15:06

Health: -2/63      AC:  1    Str: 20    XL:     10   Next: 40%
Magic:  22/22      EV: 20    Int: 16    God:    Cheibriados [**....]
Gold:   84         SH:  4    Dex: 21    Spells: 9/9 levels left

rFire    . . .     SeeInvis .     - Unarmed
rCold    . . .     Gourm    .   (no shield)
rNeg     . . .     Faith    .   (helmet restricted)
rPois    +         Spirit   .   p - +4 amulet of reflection
rElec    .         Reflect  +   j - ring of magical power
rCorr    .         Harm     .   w - ring of Ysys {rPois Slay+4}
MR       .....                  (no ring)
Stlth    ++++......             (no ring)
HPRegen  0.20/turn              (no ring)
MPRegen  0.18/turn              (no ring)
                                (no ring)
                                (no ring)

@: very slow
A: almost no armour, stealthy swim, amphibious, 8 rings, constrict 8, camouflage
1, dopey 1, mutation resistance 1, gelatinous body 1, MP-powered wands
a: Bend Time, Renounce Religion


You were on level 8 of the Dungeon.
You worshipped Cheibriados.
Cheibriados was pleased with you.
You were not hungry.

You visited 2 branches of the dungeon, and saw 9 of its levels.

You collected 384 gold pieces.
You spent 300 gold pieces at shops.

Inventory:

Hand Weapons
 l - the +6 spear "Piregh" {holy, MR++ Str+3 Dex+5}
   (You found it on level 5 of the Dungeon)

   It has been blessed by the Shining One to cause great damage to the undead
   and demons.
   It affects your strength (+3).
   It affects your dexterity (+5).
   It affects your resistance to hostile enchantments.
Jewellery
 j - a ring of magical power (left tentacle)
 p - a +4 amulet of reflection (around mantle)
 w - the ring of Ysys (right tentacle) {rPois Slay+4}
   (You acquired it on level 8 of the Dungeon)

   [ring of slaying]

   It affects your accuracy and damage with ranged weapons and melee attacks
   (+4).
   It protects you from poison.
Wands
 b - a wand of iceblast (7)
 h - a wand of clouds (1)
 o - a wand of polymorph (7)
 u - a wand of acid (5)
Scrolls
 c - a scroll of identify
 d - 5 scrolls of remove curse
 f - 4 scrolls of enchant armour
 k - 2 scrolls of amnesia
 m - 3 scrolls of teleportation
 n - a scroll of blinking
 t - a scroll of fog
Potions
 e - 2 potions of resistance
 g - a potion of curing
 i - 2 potions of agility
 q - a potion of ambrosia
Books
 v - a book of Necromancy

   Spells                             Type                      Level
   a - Pain                           Necromancy                   1
   b - Animate Skeleton               Necromancy                   1
   c - Vampiric Draining              Necromancy                   3
   d - Regeneration                   Charms/Necromancy            3
   e - Animate Dead                   Necromancy                   4
   f - Borgnjor's Vile Clutch         Necromancy/Earth             5
Comestibles
 a - 8 rations


   Skills:
 - Level 3.0 Fighting
 - Level 8.5 Dodging
 - Level 2.6 Stealth
 + Level 12.1 Unarmed Combat
 + Level 4.2 Invocations


You had 9 spell levels left.
You didn't know any spells.

Dungeon Overview and Level Annotations

Branches:
Dungeon (8/15)             Temple (1/1) D:7
   Lair: D:8-11

Altars:
Cheibriados
Elyvilon
Fedhas
Gozag
Makhleb
Nemelex Xobeh
Ru
Sif Muna
Trog
Uskayaw
Vehumet
Wu Jian
Xom
Yredelemnul
Zin
The Shining One

Shops:
D:8 **


Innate Abilities, Weirdness & Mutations

You cannot wear most types of armour.
You are very stealthy in the water. (Stealth+)
You are amphibious.
You can wear up to eight rings at the same time.
You can use your tentacles to constrict eight enemies at once.
Your skin changes colour to match your surroundings (Stealth+).
Your rubbery body absorbs attacks. (AC +1, EV +1)
You are dopey. (Int -2)
You are somewhat resistant to further mutation.
You expend magic power (3 MP) to strengthen your wands.


Message History

Something barely misses you.
There is an open door here.
A worker ant comes into view.
You block something's attack. Something hits you!
Huge Dmg: -14%(-9hp) hp: 31%(19hp)
You closely miss something. You tentacle-slap something. You squeeze something.
Something barely misses you.
You closely miss something. You tentacle-slap something. You squeeze something!
Something hits you!
* * * LOW HITPOINT WARNING * * *
Huge Dmg: -15%(-9hp) hp: 16%(10hp)
You feel better. Something hits you!
* * * LOW HITPOINT WARNING * * *
Dmg: -1%(-1hp) hp: 15%(9hp) Unknown command.
Something misses you.
There is an open door here.
Something is blocking the doorway!
You block something's attack. Something hits you!
You die...

....#
#.......).....
....#
#............#
....#
#............#
....#
#............#
....#
#...?........#
##............#
#..............#
#....####'####.#
#....# #@#
#....# #.#
#....# #'#
#..... ...
#..... ... .....
..... ....a..


You could see a worker ant (sleeping).

Vanquished Creatures
  A two-headed ogre (D:8)
  An ugly thing (D:7)
  The ghost of othur the Cudgeler, a novice GrFi (D:6)
  The ghost of Gigax the Ducker, a novice OpMo (D:4)
  Menkaure (D:4)
  Duvessa (D:7)
  2 sky beasts
  An orc warrior (D:8)
  3 ice beasts
  2 centaurs
  2 ogres
  Blork the orc (D:6)
  A big kobold (D:8)
  3 bullfrogs
  A wyvern skeleton (D:7)
  A scorpion (D:6)
  Dowan (D:7)
  5 howler monkeys
  A crimson imp (D:6)
  A centaur zombie (D:8)
  A bullfrog zombie (D:7)
  5 hounds
  2 jellies
  Crazy Yiuf (D:7)
  2 orc priests
  8 orc wizards
  Jessica (D:2)
  An iguana (D:5)
  9 worker ants
  2 hound skeletons
  Robin (D:2)
  A howler monkey skeleton (D:6)
  9 adders
  A shadow imp (D:6)
  An ooze (D:2)
  An adder skeleton (D:4)
  A worm (D:3)
  3 dart slugs
  5 leopard geckos
  16 orcs
  10 bats
  2 giant cockroaches
  19 goblins
  7 hobgoblins
  3 jackals (D:4)
  3 quokkas
  A ball python (D:2)
  3 frilled lizards
  13 kobolds
  A quokka zombie (D:6)
  6 rats
170 creatures vanquished.

Vanquished Creatures (others)
  A jackal (D:4)
1 creature vanquished.

Grand Total: 171 creatures vanquished

Notes
Turn   | Place    | Note
-------+----------+-------------------------------------------
     0 | D:1      | Gigax the Octopode Monk began the quest for the Orb.
     0 | D:1      | Reached XP level 1. HP: 16/16 MP: 1/1
    85 | D:1      | Reached XP level 2. HP: 20/21 MP: 2/2
   323 | D:1      | Reached XP level 3. HP: 26/26 MP: 3/3
   688 | D:2      | Reached skill level 4 in Unarmed Combat
   888 | D:2      | Noticed Jessica
   896 | D:2      | Killed Jessica
   896 | D:2      | Reached XP level 4. HP: 31/31 MP: 4/4
  1010 | D:2      | Noticed Robin
  1123 | D:2      | Killed Robin
  1123 | D:2      | Reached XP level 5. HP: 34/36 MP: 5/5
  1150 | D:2      | Reached skill level 5 in Unarmed Combat
  1873 | D:3      | Reached XP level 6. HP: 35/42 MP: 6/6
  2254 | D:3      | Found a sacrificial altar of Ru.
  2451 | D:4      | Reached skill level 6 in Unarmed Combat
  2741 | D:4      | Noticed Menkaure
  2745 | D:4      | Killed Menkaure
  2888 | D:4      | Reached skill level 5 in Dodging
  2888 | D:4      | Reached XP level 7. HP: 46/46 MP: 7/7
  2958 | D:4      | Found a glowing golden altar of the Shining One.
  2961 | D:4      | Found a basalt altar of Yredelemnul.
  2966 | D:4      | Noticed a profane servitor
  2994 | D:4      | Noticed Gigax's ghost (novice OpMo)
  3011 | D:4      | Killed Gigax's ghost
  3011 | D:4      | Reached skill level 7 in Unarmed Combat
  3166 | D:4      | Found a burning altar of Makhleb.
  3170 | D:4      | Found a glowing silver altar of Zin.
  3170 | D:4      | Noticed a green death
  3171 | D:4      | Noticed an angel
  3448 | D:5      | Entered Level 5 of the Dungeon
  3637 | D:5      | Got a brightly glowing spear
  3638 | D:5      | Identified the +6 spear "Piregh" {holy, MR++ Str+3 Dex+5} (You found it on level 5 of the Dungeon)
  3679 | D:5      | Reached XP level 8. HP: 51/52 MP: 8/8
  3859 | D:5      | Reached skill level 8 in Unarmed Combat
  4144 | D:5      | Found a radiant altar of Vehumet.
  4194 | D:5      | HP: 1/52 [ogre/giant spiked club (23)]
  4224 | D:5      | HP: 2/52 [ogre/giant spiked club (4)]
  5159 | D:6      | Reached skill level 9 in Unarmed Combat
  5605 | D:6      | Noticed Blork the orc
  5616 | D:6      | Killed Blork the orc
  5626 | D:6      | Noticed othur's ghost (novice GrFi)
  5669 | D:6      | Killed othur's ghost
  5669 | D:6      | Reached skill level 10 in Unarmed Combat
  5669 | D:6      | Reached XP level 9. HP: 40/56 MP: 9/9
  6619 | D:7      | Noticed Dowan
  6623 | D:7      | Noticed Duvessa
  6628 | D:7      | Killed Dowan
  6643 | D:7      | Noticed a red ugly thing
  6716 | D:7      | Killed a red ugly thing
  6716 | D:7      | Reached skill level 11 in Unarmed Combat
  7115 | D:7      | Killed Duvessa
  7251 | D:7      | Found a deep blue altar of Sif Muna.
  7313 | D:7      | Reached XP level 10. HP: 53/63 MP: 10/10
  7348 | D:7      | Found a staircase to the Ecumenical Temple.
  7368 | Temple   | Entered the Ecumenical Temple
  7385 | Temple   | Became a worshipper of Cheibriados the Contemplative
  7385 | Temple   | Reached * piety under Cheibriados
  7385 | Temple   | Reached ** piety under Cheibriados
  7479 | D:7      | Found a sparkling altar of Nemelex Xobeh.
  7523 | D:7      | Found a hide-covered altar of Uskayaw.
  7543 | D:7      | Reached skill level 1 in Invocations
  7638 | D:7      | Found a runed door.
  7728 | D:7      | Noticed Crazy Yiuf
  7732 | D:7      | Killed Crazy Yiuf
  7791 | D:8      | Found Nyecsut's General Store.
  7900 | D:8      | Bought a scroll of fog for 24 gold pieces
  7900 | D:8      | Bought a scroll of teleportation for 36 gold pieces
  7900 | D:8      | Bought a wand of acid (6) for 240 gold pieces
  8150 | D:8      | Found Duaresh's Assorted Antiques.
  8187 | D:8      | Noticed a two-headed ogre
  8195 | D:8      | Killed a two-headed ogre
  8195 | D:8      | Reached skill level 12 in Unarmed Combat
  8283 | D:8      | Identified a scroll of acquirement
  8284 | D:8      | Got a pitted glass ring
  8285 | D:8      | Identified the ring of Ysys {rPois Slay+4} (You acquired it on level 8 of the Dungeon)
  8289 | D:8      | Gained mutation: You are somewhat resistant to further mutation. [potion of mutation]
  8289 | D:8      | Gained mutation: You are dopey. (Int -2) [potion of mutation]
  8289 | D:8      | Gained mutation: You expend magic power (3 MP) to strengthen your wands. [potion of mutation]
  8362 | D:8      | Slain by an unseen horror

Skill      XL: |  1  2  3  4  5  6  7  8  9 10 |
---------------+-------------------------------+-----
Unarmed Combat | 4 5 6 7 10 11 12 | 12.1
Dodging        | 4 5 7 8 |  8.5
Invocations    | 4 |  4.2
Fighting       | |  3.0
Stealth        | |  2.6

Action                   |  1- 3 |  4- 6 |  7- 9 | 10-12 || total
-------------------------+-------+-------+-------+-------++-------
Melee: Unarmed           |    47 |   121 |   194 |    53 ||   415
       Constrict         |    12 |    29 |    33 |    15 ||    89
       Tentacles         |     8 |    18 |    32 |    18 ||    76
       Punch             |       |     3 |    20 |    12 ||    35
       Spear             |       |       |    42 |       ||    42
Evoke: Wand              |       |       |     5 |     3 ||     8
  Use: Scroll            |     1 |    11 |     2 |     3 ||    17
       Potion            |       |     1 |     5 |     2 ||     8
 Stab: Sleeping          |    15 |    13 |    12 |       ||    40
       Distracted        |       |     1 |     1 |       ||     2
  Eat: Chunk             |       |     5 |    15 |     2 ||    22
Armor: Skin              |     2 |     2 |     8 |       ||    12
Dodge: Dodged            |    24 |    66 |   156 |    41 ||   287
Block: Other             |       |       |       |     9 ||     9
